 Dungeon Crawl Stone Soup version 0.29.1-12-g30fa7ad0bf (webtiles) character file.

Game seed: 8131403620959815222

13407 rakiston the Severer (level 11, -5/108 HPs)
             Began as a Minotaur Berserker on Jan 3, 2023.
             Was a High Priest of Trog.
             Hit by a silver javelin thrown by Urug (6 damage)
             ... on level 11 of the Dungeon on Jan 4, 2023.
             The game lasted 00:51:12 (12465 turns).

rakiston the Severer (Minotaur Berserker)          Turns: 12465, Time: 00:51:13

Health: -5/108     AC: 22    Str: 26    XL:     11   Next: 75%
Magic:  10/10      EV:  8    Int: 10    God:    Trog [*****.]
Gold:   956        SH:  0    Dex: 10    Spells: 10/10 levels left

rFire   . . .      SeeInvis .   d - +1 war axe (flame)
rCold   . . .      Faith    .   (no shield)
rNeg    . . .      Spirit   .   T - +1 plate armour {rPois}
rPois   +          Reflect  .   (helmet restricted)
rElec   .          Harm     .   i - +1 cloak
rCorr   .          Rampage  .   N - +3 pair of gauntlets of War {Slay+5}
Will    .....                   (no boots)
Stlth   ..........              (no amulet)
HPRegen 0.28/turn               k - +6 ring of intelligence
MPRegen 0.12/turn               (no ring)

@: on berserk cooldown, slowed, very slow
A: horns 2, retaliatory headbutt
a: Renounce Religion, Berserk, Trog's Hand, Brothers in Arms


You were on level 11 of the Dungeon.
You worshipped Trog.
Trog was extremely pleased with you.
You visited 2 branches of the dungeon, and saw 13 of its levels.

You collected 1124 gold pieces.
You spent 168 gold pieces at shops.

Inventory:

Hand Weapons
 d - a +1 war axe of flaming (weapon)
 p - the +1 mace "Zyfid" {vorpal, rN+ Int+3 Dex+7}
   (You found it on level 2 of the Dungeon)

   It inflicts extra damage upon your enemies.
   Int:       It affects your intelligence (+3).
   Dex:       It affects your dexterity (+7).
   rN:        It protects you from negative energy.
 z - the +8 frozen axe "Frostbite" {freezing cloud, *Noise Fly rC+}
   (Trog gifted it to you on level 11 of the Dungeon)

   It freezes those it strikes, dealing additional cold damage.
   It can also slow down cold-blooded creatures.
   It occasionally leaves clouds of freezing vapour upon striking a foe.
   It grants immunity to clouds of freezing vapour.
   rC:        It protects you from cold.
   Fly:       It grants you flight.
   *Noise:    It may make noises in combat.
Missiles
 r - 3 throwing nets (quivered)
 w - 2 atropa-tipped darts
 B - 29 poisoned darts
 C - 2 curare-tipped darts
 K - 2 datura-tipped darts
 R - a silver boomerang
Armour
 a - a scarf of repulsion
 i - a +1 cloak (worn)
 N - the +3 pair of gauntlets of War (worn) {Slay+5}
   (You acquired it on level 6 of the Dungeon)

   Slay:      It affects your accuracy & damage with ranged weapons and melee
   (+5).
 S - a +2 ring mail of fire resistance
 T - a +1 plate armour of poison resistance (worn)
Jewellery
 f - a ring of ice
 k - a +6 ring of intelligence (left hand)
 v - a ring of fire
 J - a ring of poison resistance
Wands
 t - a wand of flame (70)
 A - a wand of quicksilver (8)
 L - a wand of roots (3)
 X - a wand of charming (4)
Scrolls
 b - a scroll of enchant weapon
 l - a scroll of fog {unknown}
 m - 5 scrolls of enchant armour
 n - 2 scrolls of poison
 o - a scroll of silence
 x - 2 scrolls of summoning
 y - 3 scrolls of teleportation
 G - 2 scrolls of magic mapping
 M - a scroll of acquirement
 P - a scroll of fear
 V - 2 scrolls of brand weapon {unknown}
 Z - a scroll of immolation {unknown}
Potions
 c - 2 potions of haste
 e - 3 potions of might
 g - 4 potions of curing
 h - a potion of resistance
 q - a potion of magic {unknown}
 s - a potion of invisibility {unknown}
 u - a potion of berserk rage {unknown}
 D - 2 potions of ambrosia {unknown}
 E - 2 potions of mutation
 H - a potion of degeneration {unknown}
 I - a potion of flight
 U - a potion of cancellation {unknown}
 W - a potion of brilliance {unknown}
 Y - a potion of attraction {unknown}


   Skills:
 + Level 13.9 Fighting
 - Level 15.7 Axes
 + Level 9.9 Armour
 - Level 2.3 Dodging
 - Level 0.3 Stealth


You had 10 spell levels left.
You didn't know any spells.
Your spell library was empty.

Dungeon Overview and Level Annotations

Branches:
Dungeon (11/15)            Temple (0/1) D:6            Lair (0/5) D:10
    Orc (2/2) D:11
    Elf: Orc:2

Altars:
Ashenzari
Gozag
Hepliaklqana
Qazlal
Ru
Sif Muna
Uskayaw
Vehumet
Yredelemnul
Zin

Shops:
D:7 *

Annotations:
D:11 Urug


Innate Abilities, Weirdness & Mutations

You have a pair of horns on your head.
You reflexively headbutt those who attack you in melee.


Message History

Trog accepts your kill.
Urug zaps a wand.
Your will is overpowered!
You are confused.
Urug zaps a wand.
Your will is overpowered!
You are more confused.
Okay, then.
You feel a strong urge to attack something.
Urug says, "They call me one-eyed Urug.
When I'm done with you they'll have to call you no-head rakiston."
Urug throws a silver javelin.
The silver javelin pierces through you.
* * * LOW HITPOINT WARNING * * *
x2 Unknown command.
You feel your anger nearly subside.
You are no longer berserk.
You are exhausted.
You feel yourself slow down.
Okay, then.
You closely miss Urug. You headbutt Urug!
Urug is severely wounded.
Urug barely misses you.
Urug zaps a wand.
Your will is overpowered!
You are more confused.
The now-empty wand crumbles to dust.
Items here: )) ÷ †.
You feel better. Urug hits you with a +2 double sword!
* * * LOW HITPOINT WARNING * * *
Urug hits you with a +2 double sword!
* * * LOW HITPOINT WARNING * * *
Urug barely misses you. You furiously retaliate!
You headbutt Urug!
There is a staircase back to the Dungeon, spattered with blood here.
Things that are here:
a +0 leather armour; a +0 falchion Urug completely misses you.
Urug hits you but does no damage.
You climb upwards.
Welcome back to the Dungeon!
There is a staircase to the Orcish Mines here.
As you read the scroll of summoning, it crumbles to dust.
Wisps of shadow whirl around you... Urug hits you but does no damage.
Urug attacks as you move away! Urug hits you with a +2 double sword!
* * * LOW HITPOINT WARNING * * *
Your wyvern barely misses Urug.
Urug throws a silver javelin.
The silver javelin pierces through you.
You die...

#................................
..............##...............'.
..:.....##....##....##..........#
........##..........##...........
.........................##......
................h....h...##....#.
.................................
....................:............
...............W@Dh........##..#.
...##)..........>.l........##..##
...##............o.............#
...............................##
...............###......))##.....
.................)........##.....
.................................
..........##..........##.........
..........##..........##.........


You could see Urug (ally target), a friendly wraith (summoned), a friendly
wyvern (summoned), a friendly acid dragon (summoned) and 3 friendly howler
monkeys.

Vanquished Creatures
  2 two-headed ogres (D:10)
  Lodul (D:10)
  Pikel (D:6)
  An orc knight (Orc:1)
  2 gargoyles (D:11)
  An unseen horror (D:11)
  3 unseen horror zombies (D:8)
  A kobold demonologist (D:11)
  3 trolls
  A wraith (D:10)
  A wyvern (D:10)
  10 yaks
  A fire elemental (Orc:1)
  A human (D:11)
  Eustachio (D:4)
  2 steam dragons
  2 wargs
  Menkaure (D:5)
  2 water moccasins
  11 orc warriors
  A black bear (D:7)
  An ice beast (D:6)
  10 ogres
  3 centaurs
  A lemure (D:6)
  A phantom (D:5)
  2 kobold brigands (D:8)
  4 bullfrogs
  Blork the orc (D:5)
  A wyvern zombie (D:8)
  A necrophage (D:8)
  6 scorpions
  4 wights (D:8)
  15 killer bees (D:9)
  2 howler monkeys
  3 centaur zombies (D:8)
  A hound (D:4)
  2 gnoll boudas (D:6)
  8 orc priests
  2 jellies
  2 iguanas
  11 orc wizards
  2 killer bee zombies (D:8)
  10 gnolls (D:6)
  5 adders
  A shadow imp (D:6)
  3 white imps
  3 worms
  2 dart slugs (D:4)
  46 orcs
  4 endoplasms
  4 giant cockroaches
  7 goblins
  5 hobgoblins
  7 jackals
  2 quokkas (D:1)
  5 ball pythons
  9 bats
  8 frilled lizards
  17 kobolds
  3 rats
273 creatures vanquished.

Vanquished Creatures (others)
  An orc (Orc:2)
  3 fungi (Orc:2)
4 creatures vanquished.

Grand Total: 277 creatures vanquished

Notes
Turn   | Place    | Note
-------+----------+-------------------------------------------
     0 | D:1      | rakiston the Minotaur Berserker began the quest for the
                  | Orb.
     0 | D:1      | Reached XP level 1. HP: 19/19 MP: 0/0
   237 | D:1      | Reached XP level 2. HP: 13/27 MP: 1/1
   238 | D:1      | Reached skill level 4 in Axes
   787 | D:1      | Found a faded altar of an unknown god.
  1237 | D:2      | Reached XP level 3. HP: 33/33 MP: 2/2
  1291 | D:2      | Identified the +1 mace "Zyfid" {vorpal, rN+ Int+3 Dex+7}
  1372 | D:2      | Reached ** piety under Trog
  1905 | D:3      | Reached XP level 4. HP: 33/41 MP: 3/3
  2194 | D:3      | Reached skill level 5 in Axes
  2198 | D:3      | Reached skill level 5 in Fighting
  2478 | D:4      | Noticed an ogre
  2479 | D:4      | Reached XP level 5. HP: 45/48 MP: 4/4
  2485 | D:4      | Killed an ogre
  2486 | D:4      | Reached skill level 6 in Axes
  2490 | D:4      | Reached XP level 6. HP: 57/57 MP: 5/5
  2679 | D:4      | Reached *** piety under Trog
  2771 | D:4      | Reached skill level 7 in Axes
  3325 | D:5      | Entered Level 5 of the Dungeon
  3325 | D:5      | Noticed Menkaure
  3420 | D:5      | Noticed Eustachio
  3446 | D:5      | Noticed Blork the orc
  3452 | D:4      | Reached XP level 7. HP: 64/64 MP: 6/6
  3453 | D:4      | Killed Eustachio
  3454 | D:4      | Reached skill level 8 in Axes
  3497 | D:5      | Killed Menkaure
  3501 | D:5      | Killed Blork the orc
  3651 | D:5      | Reached skill level 9 in Axes
  3856 | D:5      | Found a shimmering blue altar of Sif Muna.
  3856 | D:5      | Found a hide-covered altar of Uskayaw.
  3903 | D:5      | Reached XP level 8. HP: 53/73 MP: 7/7
  4299 | D:6      | Noticed Pikel
  4315 | D:6      | Killed Pikel
  4316 | D:6      | Reached skill level 11 in Axes
  4662 | D:6      | Found a staircase to the Ecumenical Temple.
  5134 | D:6      | Reached skill level 12 in Axes
  5136 | D:6      | Identified 2 scrolls of acquirement
  5136 | D:6      | Acquired the +3 pair of gauntlets of War {Slay+5}
  5136 | D:6      | Found the +3 pair of gauntlets of War {Slay+5}
  5320 | D:6      | Found a radiant altar of Vehumet.
  5327 | D:6      | Found a broken altar of Ashenzari.
  5331 | D:6      | Reached XP level 9. HP: 80/82 MP: 8/8
  5498 | D:6      | Found a hazy altar of Hepliaklqana.
  5630 | D:7      | Found Zajiw's General Store.
  5638 | D:7      | Bought a scroll of fear for 56 gold pieces
  5638 | D:7      | Bought a potion of mutation for 112 gold pieces
  5686 | D:7      | Identified the +5 shortbow of Danoi {speed, Dex+3}
  6532 | D:8      | Reached **** piety under Trog
  6685 | D:8      | Reached skill level 13 in Axes
  7096 | D:8      | Found a basalt altar of Yredelemnul.
  7103 | D:8      | Reached skill level 14 in Axes
  7107 | D:8      | Reached skill level 10 in Fighting
  7183 | D:8      | Reached XP level 10. HP: 88/93 MP: 9/9
  7800 | D:8      | You fall into a shaft and drop 1 floor!
  7986 | D:9      | Reached skill level 15 in Axes
  8051 | D:9      | Reached ***** piety under Trog
  8187 | D:9      | Found an opulent altar of Gozag.
  8606 | D:9      | Found a sacrificial altar of Ru.
  8674 | D:9      | Found a stormy altar of Qazlal.
  8849 | D:10     | Entered Level 10 of the Dungeon
  8856 | D:10     | Found a staircase to the Lair.
  9074 | D:10     | Reached skill level 5 in Armour
  9155 | D:10     | Noticed a two-headed ogre
  9162 | D:10     | Killed a two-headed ogre
  9284 | D:10     | Reached XP level 11. HP: 104/104 MP: 10/10
  9324 | D:10     | Noticed a two-headed ogre
  9334 | D:10     | Killed a two-headed ogre
  9576 | D:10     | Found a glowing silver altar of Zin.
  9576 | D:10     | Noticed an angel
  9659 | D:10     | Noticed Lodul
  9670 | D:10     | Killed Lodul
 11097 | D:11     | Found a staircase to the Orcish Mines.
 11505 | D:11     | Received a gift from Trog
 11505 | D:11     | Found the +8 frozen axe "Frostbite" {freezing cloud, *Noise
                  | Fly rC+}
 11963 | Orc:1    | Entered Level 1 of the Orcish Mines
 11964 | Orc:1    | Noticed an orc knight
 12256 | Orc:1    | Killed an orc knight
 12430 | Orc:2    | Entered Level 2 of the Orcish Mines
 12430 | Orc:2    | Noticed Urug
 12441 | Orc:2    | Noticed an orc knight
 12465 | D:11     | HP: 1/108 [Urug/+2 double sword (14)]
 12465 | D:11     | Hit by a silver javelin thrown by Urug

Illustrated notes

Levels and vault maps discovered:
D:1:      dpeg_arrival_signposts, layout_basic, basic_ecumenical_altar,
          minmay_misc_feat_tower
D:2:      kennysheep_big_flooded_room, layout_basic, minmay_misc_feat_square
D:3:      layout_rooms
D:4:      layout_loops_ring, hangedman_abyss_or_decor_slice
D:5:      layout_rooms, gammafunk_temple_overflow_wave, uniq_eustachio,
          uniq_blork_the_orc, uniq_menkaure
D:6:      layout_basic, mainiacjoe_overflow_large_starburst,
          nicolae_hepliaklqana_hippocampus, minmay_temple_entry_glass,
          minmay_misc_feat_five, uniq_pikel
D:7:      layout_basic, serial_shops, nicolae_diamond_shop, nrook_uturn,
          corexii_corridor_pit
D:8:      layout_loops_cross, nicolae_yredelemnul_corpse_copse, serial_rivers,
          chequers_serial_rivers_small_a, chequers_serial_rivers_small_b,
          chequers_serial_rivers_room_a, chequers_serial_rivers_micro_d,
          chequers_serial_rivers_small_a
D:9:      layout_basic, nicolae_gozag_seed_capital,
          mainiacjoe_overflow_surrounded_room, amcnicky_altar_gilded
D:10:     layout_layer_cave, zin_angel, lair_entry_dummy, uniq_lodul
D:11:     layout_basic, erik_orc_4
Orc:1:    layout_caves, gammafunk_ghost_grave
Orc:2:    grunt_orc_gardens, layout_caves, grunt_orc_garden, grunt_orc_garden,
          grunt_orc_garden, grunt_orc_garden, ebering_ghost_inner_flame,
          uniq_saint_roka, uniq_azrael, uniq_urug

Skill      XL: |  1  2  3  4  5  6  7  8  9 10 11 |
---------------+----------------------------------+-----
Fighting       | 4 5 6 7 8 10 12 13 | 13.9
Axes           | 4 5 6 7 9 12 14 15 | 15.7
Armour         | 6 9 |  9.9
Dodging        | |  2.3
Stealth        | |  0.3

Action                   |  1- 3 |  4- 6 |  7- 9 | 10-12 || total
-------------------------+-------+-------+-------+-------++-------
Melee: Hand axe          |   106 |   114 |     7 |       ||   227
       Headbutt          |    14 |    14 |    39 |    56 ||   123
       War axe           |       |       |   171 |   247 ||   418
       Punch             |       |       |       |     2 ||     2
Throw: Stone             |    19 |    26 |       |       ||    45
Invok: Berserk           |       |     2 |     2 |     2 ||     6
       Trog's Hand       |       |       |       |     1 ||     1
  Use: Potion            |     3 |       |       |     7 ||    10
       Scroll            |     3 |     3 |     4 |     4 ||    14
 Stab: Sleeping          |     1 |       |       |       ||     1
Armor: Animal skin       |    19 |       |       |       ||    19
       Ring mail         |    14 |    53 |     8 |       ||    75
       Plate armour      |       |       |    61 |   134 ||   195
Dodge: Dodged            |    62 |    44 |    58 |    83 ||   247
